 Dungeon Crawl Stone Soup version 0.25.1-2-g60ff931df9 (webtiles) character file.

Game seed: 6579484285411281898

102 DildoBatman the Conjurer (level 5, 0/35 HPs)
             Began as a Formicid Wizard on Sept 3, 2020.
             Slain by an iguana (11 damage)
             ... on level 4 of the Dungeon.
             The game lasted 00:05:54 (3364 turns).

DildoBatman the Conjurer (Formicid Wizard)          Turns: 3364, Time: 00:05:54

Health: 0/35       AC:  2    Str: 12    XL:     5   Next: 5%
Magic:  3/9        EV: 12    Int: 18    God:
Gold:   122        SH:  0    Dex:  9    Spells: 3/10 levels left

rFire    . . .     SeeInvis +   a - +0 hunting sling
rCold    . . .     Gourm    .   (no shield)
rNeg     . . .     Faith    .   m - +0 robe
rPois    .         Spirit   .   (helmet unavailable)
rElec    .         Reflect  .   (no cloak)
rCorr    .         Harm     .   (no gloves)
MR       .....                  (no boots)
Stlth    ++........             (no amulet)
HPRegen  0.11/turn              (no ring)
MPRegen  0.11/turn              (no ring)

@: no status effects
A: permanent stasis, dig shafts and tunnels, four strong arms, antennae 3
a: Dig, Shaft Self


You were on level 4 of the Dungeon.
You were not hungry.

You visited 1 branch of the dungeon, and saw 4 of its levels.

You collected 122 gold pieces.

Inventory:

Hand Weapons
 a - a +0 hunting sling (weapon)
 b - a +0 dagger
 s - a +2 vorpal hunting sling
 t - a +0 trident
 x - a +0 short sword
Missiles
 d - 208 stones (quivered)
 i - 37 poisoned darts
 k - 79 arrows
 q - 17 bolts
Armour
 m - a +0 robe (worn)
 u - a +0 kite shield
Jewellery
 y - an uncursed ring of wizardry
Scrolls
 g - 4 scrolls of identify {unknown}
 j - 2 scrolls of random uselessness {unknown}
 n - 2 scrolls of blinking {unknown}
 o - a scroll of teleportation {unknown}
 r - a scroll of remove curse {unknown}
Potions
 c - 2 potions of curing {unknown}
 e - a potion of resistance {unknown}
 f - a potion of invisibility {unknown}
 h - 2 potions of lignification {unknown}
 l - a potion of degeneration {unknown}
 p - a potion of might {unknown}
Comestibles
 v - 2 rations
 w - a chunk of flesh


   Skills:
 - Level 1.7 Dodging
 - Level 2.4 Stealth
 - Level 3.2 Spellcasting
 * Level 4.0 Conjurations
   Level 1.0 Summonings
   Level 0.8 Translocations


You had 3 spell levels left.
You knew the following spells:

 Your Spells              Type           Power        Failure   Level  Hunger
a - Conjure Flame         Conj/Fire      ##......     21%         3    ###....
c - Magic Dart            Conj           ###.         3%          1    None
e - Mephitic Cloud        Conj/Pois/Air  #.......     26%         3    ###....

Your spell library contained the following spells:

 Spells                   Type           Power        Failure   Level  Hunger
 Call Imp                 Summ           #.......     16%         2    ##.....
 Slow                     Hex            #.......     24%         2    ##.....
 Blink                    Tloc           Unusable     N/A         2    N/A

Dungeon Overview and Level Annotations

Branches:
Dungeon (4/15)
 Temple: D:4-7

Altars:
Dithmenos
Makhleb
Nemelex Xobeh
Sif Muna
Zin

Shops:
D:3 *

Annotations:
D:2 Natasha
D:3 1 runed translucent door, exclusions: iron imp and 1 more exclusion, Almogavar's ghost, amateur HOFi


Innate Abilities, Weirdness & Mutations

You cannot be hasted, slowed, berserked, paralysed or teleported.
You can dig through walls and to a lower floor.
Your four strong arms can wield two-handed weapons with a shield.
You have a pair of large antennae on your head. (SInv)


Message History

The magic dart hits the iguana.
The iguana is lightly wounded.
The iguana bites you!
Casting: Magic Dart (safe; 3% risk of failure)
Confirm with . or Enter, or press ? or * to list all spells.
Aiming: Magic Dart (safe; 3% risk of failure)
Press: ? - help, Shift-Dir - straight line, f/p - iguana
Aim: an iguana (lightly wounded)
The magic dart hits the iguana.
The iguana is heavily wounded.
The iguana bites you.
Casting: Magic Dart (safe; 3% risk of failure)
Confirm with . or Enter, or press ? or * to list all spells.
Aiming: Magic Dart (safe; 3% risk of failure)
Press: ? - help, Shift-Dir - straight line, f/p - iguana
Aim: an iguana (heavily wounded)
The magic dart hits the iguana.
The iguana is severely wounded.
The iguana bites you!
You die...

{ ### #..
#.#######
#......<#
#@#######
#l# #..
#.## #.#
#.# #.#
..#


You could see an iguana.

Vanquished Creatures
  An adder (D:3)
  4 oozes
  A dart slug (D:2)
  3 leopard geckos (D:1)
  3 orcs
  2 ball pythons
  3 giant cockroaches
  7 goblins
  11 hobgoblins
  3 jackals
  A quokka (D:2)
  5 bats
  6 frilled lizards
  8 kobolds
  7 rats
65 creatures vanquished.

Notes
Turn   | Place    | Note
-------+----------+-------------------------------------------
     0 | D:1      | DildoBatman the Formicid Wizard began the quest for the
                  | Orb.
     0 | D:1      | Reached XP level 1. HP: 13/13 MP: 4/4
    12 | D:1      | Reached skill level 1 in Conjurations
    50 | D:1      | Reached XP level 2. HP: 14/19 MP: 1/6
   258 | D:1      | Reached skill level 2 in Conjurations
   458 | D:1      | Reached XP level 3. HP: 24/24 MP: 3/7
   463 | D:1      | Learned a level 3 spell: Conjure Flame
   467 | D:1      | Learned a level 3 spell: Mephitic Cloud
  1232 | D:2      | Reached skill level 3 in Conjurations
  1431 | D:2      | Reached XP level 4. HP: 30/30 MP: 6/8
  1923 | D:2      | Found a shimmering blue altar of Sif Muna.
  2176 | D:3      | Found Zin's Purification Station.
  2180 | D:3      | Found a glowing silver altar of Zin.
  2239 | D:3      | Noticed Natasha
  2496 | D:3      | Found a sparkling altar of Nemelex Xobeh.
  2563 | D:3      | Found a shadowy altar of Dithmenos.
  2638 | D:3      | Noticed Almogavar's ghost (amateur HOFi)
  2639 | D:3      | Found a runed translucent door.
  3001 | D:3      | Reached skill level 4 in Conjurations
  3001 | D:3      | Reached XP level 5. HP: 35/35 MP: 6/9
  3263 | D:3      | Found a burning altar of Makhleb.
  3364 | D:4      | Slain by an iguana

Illustrated notes

Levels and vault maps discovered:
D:1:      tarquinn_simple_flora_water_d, layout_rooms, serial_rivers,
          chequers_serial_rivers_micro_b, chequers_serial_rivers_micro_c,
          chequers_serial_rivers_small_3, chequers_serial_rivers_micro_b
D:2:      layout_loops_ring, lemuel_blue_sif_altar
D:3:      layout_basic, zin_purify, demons_altar, grunt_temple_overflow_open,
          hellmonk_ghost_happy_afterlife, uniq_natasha
D:4:      layout_basic, temple_pool_b, first_ration, kennysheep_flooded_box,
          roderic_filled_cross, uniq_blork_the_orc, uniq_ijyb

Skill      XL: |  1  2  3  4 |
---------------+-------------+-----
Conjurations   | 1 2 3 4 |  4.0
Dodging        | |  1.7
Stealth        | |  2.4
Spellcasting   | |  3.2
Summonings     | |  1.0
Translocations | |  0.8

Action                   |  1- 3 |  4- 6 || total
-------------------------+-------+-------++-------
Melee: Unarmed           |     4 |       ||     4
       Dagger            |    18 |       ||    18
 Fire: Hunting sling     |       |     2 ||     2
 Cast: Magic Dart        |    78 |    89 ||   167
       Mephitic Cloud    |       |     1 ||     1
 Abil: Dig               |     5 |     3 ||     8
  Eat: Chunk             |     2 |     6 ||     8
Armor: Robe              |     6 |     1 ||     7
Dodge: Dodged            |    29 |     9 ||    38
